 Dungeon Crawl Stone Soup version 0.22.1-1-ga44c0e5 (webtiles) character file.

17752 lorenzova the Eclecticist (level 12, -4/59 HPs)
             Began as a Deep Elf Conjurer on Oct 24, 2018.
             Was a High Priest of Sif Muna.
             Slain by a spiny frog (21 damage)
             ... on level 3 of the Lair of Beasts on Oct 25, 2018.
             The game lasted 00:46:08 (15759 turns).

lorenzova the Eclecticist (Deep Elf Conjurer)      Turns: 15759, Time: 00:46:09

Health: -4/59      AC:  8    Str:  5    XL:     12   Next: 21%
Magic:  1/33       EV: 14    Int: 26    God:    Sif Muna [*****.]
Gold:   641        SH:  0    Dex: 15    Spells: 21/42 levels left

rFire    + + .     SeeInvis +   B - +3 dagger (venom)
rCold    + . .     Gourm    .   (no shield)
rNeg     . . .     Faith    .   a - +0 ring mail of Nacweim {rF++ rC+ Slay+3}
rPois    .         Spirit   .   (no helmet)
rElec    .         Reflect  .   (no cloak)
rCorr    .         Harm     .   G - +2 pair of gloves
MR       +....                  (no boots)
Stlth    +.........             C - amulet of regeneration
HPRegen  0.59/turn              p - ring of see invisible
MPRegen  0.23/turn              O - +5 ring of evasion

@: lethally poisoned (-4 -> -7)
A: no striking features
a: Divine Energy, Channel Magic, Forget Spell, Renounce Religion


You were on level 3 of the Lair of Beasts.
You worshipped Sif Muna.
Sif Muna was extremely pleased with you.
You were not hungry.

You visited 2 branches of the dungeon, and saw 13 of its levels.
You also visited: Ossuary.

You collected 641 gold pieces.

Inventory:

Hand Weapons
 B - a +3 dagger of venom (weapon)
Armour
 a - the +0 ring mail of Nacweim (worn) {rF++ rC+ Slay+3}
   (You found it on level 4 of the Dungeon)

   It affects your accuracy and damage with ranged weapons and melee attacks
   (+3).
   It greatly protects you from fire.
   It protects you from cold.
 G - a +2 pair of gloves (worn)
Magical Staves
 Q - an uncursed staff of cold
Jewellery
 p - a ring of see invisible (left hand)
 q - an uncursed ring of protection from fire
 C - an amulet of regeneration (around neck)
 L - an uncursed ring of flight
 O - a +5 ring of evasion (right hand)
Wands
 h - a wand of enslavement (9)
Scrolls
 b - 4 scrolls of amnesia
 d - 2 scrolls of fear
 e - 4 scrolls of remove curse
 m - a scroll of blinking
 n - 6 scrolls of teleportation
 o - 3 scrolls of enchant armour
 v - 2 scrolls of enchant weapon
 w - a scroll of noise
 y - 6 scrolls of magic mapping
 z - a scroll of fog
 D - a scroll of identify
Potions
 f - 5 potions of curing
 g - 6 potions of flight
 i - 4 potions of heal wounds
 j - 2 potions of brilliance
 k - 3 potions of lignification
 l - 2 potions of berserk rage
 u - 2 potions of cancellation
 x - 2 potions of ambrosia {unknown}
 A - 3 potions of haste {unknown}
 F - 2 potions of might {unknown}
 I - 2 potions of resistance {unknown}
 N - a potion of agility {unknown}
Comestibles
 c - 23 rations
 r - 2 chunks of flesh


   Skills:
 - Level 2.4 Dodging
 - Level 2.4 Stealth
 * Level 15.6 Spellcasting
 * Level 13.9 Conjurations
 + Level 10.7 Hexes
 * Level 0.9 Summonings
 * Level 4.1 Air Magic
 + Level 2.3 Invocations


You had 21 spell levels left.
You knew the following spells:

 Your Spells              Type           Power        Failure   Level  Hunger
a - Magic Dart            Conj           ####         1%          1    None
b - Searing Ray           Conj           ######       1%          2    None
c - Iskenderun's Mystic   Conj           #######.     1%          4    None
d - Fulminant Prism       Conj/Hex       ######....   1%          4    None
g - Deflect Missiles      Chrm/Air       ####......   100%        6    ####...
w - Summon Lightning Spi  Summ/Air       ####....     41%         4    None

Your spell library contained the following spells:

 Spells                   Type           Power        Failure   Level  Hunger
 Corona                   Hex            ######.      1%          1    None
 Shock                    Conj/Air       ####         1%          1    None
 Slow                     Hex            ######..     1%          2    None
 Dazzling Spray           Conj/Hex       ######       1%          3    None
 Static Discharge         Conj/Air       ######..     1%          3    None
 Cause Fear               Hex            ######....   1%          4    None
 Summon Guardian Golem    Hex/Summ       ######..     3%          3    None
 Inner Flame              Hex/Fire       #####...     4%          3    None
 Portal Projectile        Hex/Tloc       #####.       4%          3    None
 Force Lance              Conj/Tloc      ######..     7%          4    None
 Summon Small Mammal      Summ           ####         9%          1    None
 Lightning Bolt           Conj/Air       ######....   9%          5    None
 Call Imp                 Summ           ####....     13%         2    None
 Leda's Liquefaction      Hex/Erth       #####.....   14%         4    None
 Silence                  Hex/Air        ######....   16%         5    None
 Call Canine Familiar     Summ           ####....     26%         3    None
 Conjure Ball Lightning   Conj/Air       ######....   43%         6    ####...
 Bolt of Magma            Conj/Fire/Erth #####.....   45%         5    None
 Summon Ice Beast         Ice/Summ       ###.....     71%         4    None
 Petrify                  Tmut/Erth      ###.....     77%         4    None
 Freezing Cloud           Conj/Ice/Air   ######....   85%         6    ####...
 Aura of Abjuration       Summ           ####......   93%         5    None
 Spellforged Servitor     Conj/Summ      ######....   99%         7    #####..
 Lehudib's Crystal Spear  Conj/Erth      ######....   100%        8    #######


Dungeon Overview and Level Annotations

Branches:
Dungeon (10/15)            Temple (0/1) D:4            Lair (3/6) D:9
  Swamp: Lair:2-4    Shoals: Lair:2-4     Snake: Lair:2-4    Spider: Lair:2-4
    Orc: D:9-12

Altars:
Ashenzari
Cheibriados
Dithmenos
Fedhas
Hepliaklqana
Nemelex Xobeh
Qazlal
Ru
Sif Muna
Trog
Vehumet

Annotations:
D:10 Urug


Message History

Aiming: Iskenderun's Mystic Blast (safe; 1% risk of failure)
Press: ? - help, Shift-Dir - straight line, f/p - spiny frog
Aim: a spiny frog (severely wounded)
The orb of energy hits the spiny frog.
The spiny frog is almost dead.
The spiny frog barely misses you. The porcupine closely misses you.
You hit the spiny frog.
The spiny frog is poisoned.
The spiny frog is almost dead.
The spiny frog stings you!
You are poisoned.
The spiny frog poisons you! The porcupine closely misses you.
The spiny frog barely misses you.
You feel sick.
You feel sick. The porcupine bites you.
* * * LOW HITPOINT WARNING * * *
Okay, then.
You closely miss the spiny frog.
The spiny frog is almost dead.
You feel sick. The spiny frog stings you!!
You die...

##..........##
#.#.........#
##....P.....P
#...........
#..........#
#..........#
##.........#
##rF#....##
#P@.รท.....#
##........#
#.<.......#
##........#
###.#....#
#.#..## ##.##
#


You could see a spiny frog and a porcupine.

Vanquished Creatures
  3 hydras (Lair:2)
  A two-headed ogre (D:9)
  A deep elf knight (D:10)
  2 unseen horrors (D:9)
  A black mamba (Lair:2)
  2 spiny frogs
  A rime drake (Lair:1)
  3 komodo dragons
  3 meliai (D:9)
  The ghost of 1player the Ducker, an amateur GnWn of Hepliaklqana (D:7)
  4 hippogriffs
  5 blink frogs (Lair:2)
  9 yaks (Lair:1)
  2 basilisks (Lair:2)
  Eustachio (D:5)
  3 wargs (D:9)
  7 water moccasins
  3 porcupines
  2 orc warriors
  3 ice beasts
  A sky beast (D:6)
  A black bear (D:7)
  5 ogres
  2 phantoms
  3 centaurs
  9 wolves
  5 crocodiles
  2 big kobolds (D:7)
  7 bullfrogs
  4 elf zombies (Ossuary)
  A gnoll sergeant (D:7)
  A wyvern zombie (D:7)
  3 scorpions (D:6)
  9 wights
  An electric eel (D:8)
  A crimson imp (D:6)
  A bullfrog zombie (D:7)
  3 howler monkeys (D:8)
  A wyvern simulacrum (D:7)
  A quasit (D:5)
  3 human zombies (Ossuary)
  5 centaur zombies (Ossuary)
  A bullfrog skeleton (D:5)
  2 hounds
  6 jellies
  5 orc priests
  8 orc wizards
  2 centaur skeletons
  An iguana (D:6)
  7 worker ants
  A hound zombie (D:7)
  A hound skeleton (D:8)
  4 mummies
  2 howler monkey zombies
  A worker ant zombie (D:5)
  6 gnolls
  18 adders
  2 shadow imps
  An ooze (D:1)
  An adder zombie (D:9)
  2 adder skeletons
  3 worms
  2 dart slugs
  4 leopard geckos
  32 orcs
  3 giant cockroaches
  4 goblins
  8 hobgoblins
  2 jackals (D:1)
  3 quokkas
  A ball python (D:5)
  6 bats
  5 frilled lizards
  22 kobolds
  A leopard gecko zombie (D:5)
  12 rats
  2 fungi
307 creatures vanquished.

Vanquished Creatures (others)
  74 fulminant prisms
  5 fungi
  3 plants
82 creatures vanquished.

Grand Total: 389 creatures vanquished

Notes
Turn   | Place    | Note
-------+----------+-------------------------------------------
     0 | D:1      | lorenzova the Deep Elf Conjurer began the quest for the
                  | Orb.
     0 | D:1      | Reached XP level 1. HP: 10/10 MP: 6/6
   138 | D:1      | Reached XP level 2. HP: 15/15 MP: 3/8
   142 | D:1      | Learned a level 2 spell: Searing Ray
   544 | D:1      | Reached skill level 4 in Spellcasting
   637 | D:1      | Reached skill level 5 in Conjurations
   637 | D:1      | Reached XP level 3. HP: 19/19 MP: 7/10
   718 | D:2      | Noticed an ogre
   858 | D:2      | Killed an ogre
   858 | D:2      | Reached skill level 5 in Spellcasting
   858 | D:2      | Reached XP level 4. HP: 24/24 MP: 3/13
   943 | D:2      | Learned a level 4 spell: Iskenderun's Mystic Blast
  1013 | D:2      | Reached XP level 5. HP: 28/28 MP: 6/14
  1281 | D:2      | Found a shadowy altar of Dithmenos.
  2376 | D:3      | Reached skill level 6 in Spellcasting
  2422 | D:3      | Reached XP level 6. HP: 19/32 MP: 0/17
  2541 | D:3      | Learned a level 4 spell: Fulminant Prism
  2672 | D:3      | Found a deep blue altar of Sif Muna.
  3060 | D:3      | Became a worshipper of Sif Muna the Loreminder
  3174 | D:4      | Reached skill level 1 in Hexes
  3229 | D:4      | Found a stormy altar of Qazlal.
  3369 | D:4      | Found a hazy altar of Hepliaklqana.
  3585 | D:4      | Got a faintly humming ring mail
  3601 | D:4      | Found a staircase to the Ecumenical Temple.
  3632 | D:4      | Reached skill level 7 in Spellcasting
  4141 | D:5      | Entered Level 5 of the Dungeon
  4277 | D:5      | Reached XP level 7. HP: 35/36 MP: 10/19
  4838 | D:5      | Noticed Eustachio
  4845 | D:5      | Killed Eustachio
  4845 | D:5      | Reached skill level 8 in Spellcasting
  5211 | D:6      | Reached * piety under Sif Muna
  5388 | D:6      | Reached XP level 8. HP: 14/41 MP: 12/22
  5778 | D:6      | Reached skill level 9 in Spellcasting
  6151 | D:6      | Reached ** piety under Sif Muna
  6292 | D:6      | Reached skill level 5 in Hexes
  6457 | D:6      | Reached skill level 10 in Spellcasting
  6611 | D:6      | Found a snail-covered altar of Cheibriados.
  6901 | D:6      | Reached XP level 9. HP: 45/45 MP: 20/25
  7264 | D:6      | Identified the cursed +0 ring mail of Nacweim {rF++ rC+
                  | Slay+3} (You found it on level 4 of the Dungeon)
  7416 | D:7      | Reached *** piety under Sif Muna
  7491 | D:7      | Reached skill level 10 in Conjurations
  7594 | D:7      | Reached skill level 11 in Spellcasting
  7758 | D:7      | Found a runed gate.
  7758 | D:7      | Found a runed gate.
  7758 | D:7      | Found a runed gate.
  7759 | D:7      | Noticed 1player's ghost (amateur GnWn)
  8411 | D:7      | Found a radiant altar of Vehumet.
  8411 | D:7      | Found a bloodstained altar of Trog.
  8614 | D:7      | Found a sacrificial altar of Ru.
  8959 | D:7      | Killed 1player's ghost
  8959 | D:7      | Reached **** piety under Sif Muna
  9095 | D:8      | Found a blossoming altar of Fedhas.
  9109 | D:8      | Reached skill level 12 in Spellcasting
  9403 | D:8      | Reached XP level 10. HP: 50/50 MP: 19/28
  9647 | D:8      | Found a sand-covered staircase.
  9658 | Ossuary  | Entered an ossuary
 10219 | D:8      | Got a scorched shield
 10311 | D:8      | Found a sparkling altar of Nemelex Xobeh.
 10609 | D:8      | Identified the +3 shield "Zampas" {Regen+ Slay+3} (You
                  | found it on level 8 of the Dungeon)
 10799 | D:9      | Reached skill level 13 in Spellcasting
 10806 | D:9      | Noticed a two-headed ogre
 10991 | D:9      | Found a staircase to the Lair.
 11050 | D:9      | Noticed an unseen horror
 11068 | D:9      | Killed an unseen horror
 11068 | D:9      | Reached ***** piety under Sif Muna
 11114 | D:9      | Killed a two-headed ogre
 11114 | D:9      | Identified Loul's Tome of Air and Summoning (Sif Muna
                  | gifted it to you on level 9 of the Dungeon)
 11114 | D:9      | Received a gift from Sif Muna
 11183 | D:9      | Found a shattered altar of Ashenzari.
 11786 | D:9      | Noticed an unseen horror
 11794 | D:9      | Killed an unseen horror
 11794 | D:9      | Reached XP level 11. HP: 47/54 MP: 19/30
 11971 | D:10     | Entered Level 10 of the Dungeon
 12032 | D:10     | Noticed a deep elf knight
 12048 | D:10     | Killed a deep elf knight
 12048 | D:10     | Reached skill level 14 in Spellcasting
 12101 | D:10     | Noticed Urug
 12194 | Lair:1   | Entered Level 1 of the Lair of Beasts
 12918 | Lair:1   | Found a stormy altar of Qazlal.
 13643 | Lair:2   | Reached skill level 10 in Hexes
 13718 | Lair:2   | Learned a level 4 spell: Summon Lightning Spire
 13725 | Lair:2   | Learned a level 6 spell: Deflect Missiles
 13789 | Lair:2   | Noticed an eight-headed hydra
 13858 | Lair:2   | Reached skill level 1 in Air Magic
 13858 | Lair:2   | Identified Sif Muna's Incunabulum of the Ashen Birds (Sif
                  | Muna gifted it to you on level 2 of the Lair of Beasts)
 13858 | Lair:2   | Received a gift from Sif Muna
 13858 | Lair:2   | Reached skill level 15 in Spellcasting
 14459 | Lair:2   | Killed an eight-headed hydra
 14459 | Lair:2   | Reached skill level 1 in Invocations
 14677 | Lair:2   | Noticed a four-headed hydra
 14685 | Lair:2   | Killed a four-headed hydra
 14690 | Lair:2   | Reached XP level 12. HP: 59/59 MP: 6/33
 15101 | Lair:2   | Noticed a four-headed hydra
 15108 | Lair:2   | Killed a four-headed hydra
 15759 | Lair:3   | Slain by a spiny frog

Skill      XL: |  1  2  3  4  5  6  7  8  9 10 11 12 |
---------------+-------------------------------------+-----
Spellcasting   | 4 5 6 7 8 10 12 13 15 | 15.6
Conjurations   | 5 6 7 8 9 11 12 13 | 13.9
Hexes          | 2 3 5 7 9 10 | 10.7
Air Magic      | 3 4 |  4.1
Invocations    | 1 2 |  2.3
Dodging        | |  2.4
Stealth        | |  2.4
Summonings     | |  0.9

Action                   |  1- 3 |  4- 6 |  7- 9 | 10-12 || total
-------------------------+-------+-------+-------+-------++-------
Melee: Short sword       |       |     3 |       |       ||     3
       Dagger            |       |     3 |       |    23 ||    26
 Cast: Magic Dart        |    45 |   115 |   231 |   117 ||   508
       Searing Ray       |     1 |     7 |     7 |     9 ||    24
       Iskenderun's Myst |       |     4 |    51 |    90 ||   145
       Fulminant Prism   |       |     1 |    26 |    47 ||    74
 Abil: Evoke Flight      |       |       |       |     1 ||     1
Evoke: Wand              |       |       |       |     7 ||     7
  Use: Scroll            |       |     4 |     3 |    16 ||    23
       Potion            |       |       |       |     4 ||     4
  Eat: Chunk             |       |     8 |    12 |    10 ||    30
       Ration            |       |     1 |     1 |     3 ||     5
Armor: Leather armour    |       |     3 |    14 |       ||    17
       Robe              |       |     1 |       |       ||     1
       Ring mail         |       |       |    29 |    44 ||    73
Dodge: Dodged            |     1 |    14 |    45 |    92 ||   152
